 Dungeon Crawl Stone Soup version 0.20.1-1-g8b1a95d (webtiles) character file.

251 letownia2 the Grave Robber (level 5, 35/42 HPs)
             Began as a Deep Dwarf Necromancer on Nov 25, 2017.
             Quit the game in the Ecumenical Temple.
             The game lasted 00:06:28 (2329 turns).

letownia2 the Grave Robber (Deep Dwarf Necromancer) Turns: 2329, Time: 00:06:30

Health: 35/42      AC:  5    Str: 12    XL:     5   Next: 88%
Magic:  10/10      EV: 12    Int: 16    God:
Gold:   94         SH:  0    Dex: 13    Spells: 6/10 levels left

rFire    . . .     SeeInvis .   p - +1 whip (venom)
rCold    . . .     Gourm    .   (no shield)
rNeg     . . .     Faith    .   g - +0 leather armour
rPois    .         Spirit   .   m - +2 hat
rElec    .         Reflect  .   (no cloak)
rCorr    .         Harm     .   (no gloves)
MR       .....                  (no boots)
Stlth    ++........             (no amulet)
Regen    0.0/turn               (no ring)
MPRegen  0.2/turn               (no ring)

@: non-regenerating
A: damage resistance, heal wounds, sense surroundings 1, no regeneration
a: Heal Wounds


You were in the Ecumenical Temple.
You were very hungry.

You visited 2 branches of the dungeon, and saw 6 of its levels.

You collected 94 gold pieces.

Inventory:

Hand Weapons
 o - a +0 dagger
 p - a +1 whip of venom (weapon)
 r - a +0 war axe
Armour
 g - a +0 leather armour (worn)
 m - a +2 hat (worn)
 q - a +0 scale mail
Wands
 h - a wand of lightning (5/15)
Scrolls
 d - a scroll of recharging {unknown}
 e - a scroll of fear {unknown}
 i - 2 scrolls of identify
Potions
 f - a potion of lignification {unknown}
 j - a potion of ambrosia {unknown}
 l - a potion of haste {unknown}
Books
 b - a book of Necromancy

   Spells                             Type                      Level
   a - Pain                           Necromancy                   1
   b - Animate Skeleton               Necromancy                   1
   c - Vampiric Draining              Necromancy                   3
   d - Regeneration                   Charms/Necromancy            3
   e - Animate Dead                   Necromancy                   4
   f - Control Undead                 Necromancy                   4
Comestibles
 c - 4 bread rations


   Skills:
 - Level 2.1 Dodging
 - Level 2.4 Stealth
 - Level 3.3 Spellcasting
 + Level 6.8 Necromancy


You had 6 spell levels left.
You knew the following spells:

 Your Spells              Type           Power        Failure   Level  Hunger
a - Pain                  Necr           ###.         1%          1    None
v - Vampiric Draining     Necr           ###.......   4%          3    ###....


Dungeon Overview and Level Annotations

Branches:
Dungeon (5/15)             Temple (1/1) D:5

Altars:
Ashenzari
Cheibriados
Dithmenos
Elyvilon
Kikubaaqudgha
Makhleb
Nemelex Xobeh
Okawaru
Ru
Sif Muna
Vehumet
Xom
Yredelemnul
Zin
The Shining One

Annotations:
D:4 exclusion: phantom
D:5 exclusion: phantom


Innate Abilities, Weirdness & Mutations

You are resistant to damage.
You can heal yourself by infusing magical energy.
You passively map a small area around you.
You do not regenerate.


Message History

There is a staircase back to the Dungeon here.
Unknown command.
Found four altars.
Found a sparkling altar of Nemelex Xobeh and a sacrificial altar of Ru.
Found a basalt altar of Yredelemnul and a radiant altar of Vehumet.
You aren't carrying any pieces of jewellery.
Unknown command.
Wear which item? (? for menu, Esc to quit)
Okay, then.
As you read the scroll labeled ZILAOST APNISH, it crumbles to dust.
You feel blessed for a moment.
It was a scroll of remove curse.
Blink to where?
Press: ? - help, Dir - move target cursor, f - you Are you sure you want to cancel this blink?
Uppercase [Y]es or [N]o only, please.
Are you sure you want to cancel this blink?
Okay, then.
As you read the scroll labeled BYEPOLEOPH, it crumbles to dust.
It was a scroll of blinking.
Are you sure you want to abandon this character and quit the game? (Confirm with "yes".)

#≈.............._..≈##
§...................≈##
.._..............._..≈#
≈...................≈#
##8...............8##
#...................##
≈.._......<......_..§#
#...................##
##8.........@.....8##
≈...................≈#*
.._..............._..§
§..................§≈##
#≈.._.............§≈##
#§§......._.......≈§#
#§§§.._.8...8._.§≈≈≈#
#≈≈≈...#...#...§≈≈# * ≈


There were no monsters in sight!

Vanquished Creatures
  A scorpion (D:4)
  A bullfrog zombie (D:5)
  An orc priest (D:4)
  2 worker ants (D:4)
  2 hound skeletons (D:4)
  3 adders
  An ooze (D:5)
  A dart slug (D:4)
  4 orcs
  A giant cockroach (D:4)
  A goblin (D:1)
  7 jackals
  A quokka (D:4)
  A jackal skeleton (D:4)
  A kobold (D:1)
  A quokka skeleton (D:4)
  A rat (D:1)
30 creatures vanquished.

Notes
Turn   | Place    | Note
-------+----------+-------------------------------------------
     0 | D:1      | letownia2 the Deep Dwarf Necromancer began the quest for the Orb.
     0 | D:1      | Reached XP level 1. HP: 15/15 MP: 3/3
   388 | D:4      | Noticed a phantom
   441 | D:4      | Reached XP level 2. HP: 8/22 MP: 5/5
   511 | D:4      | Reached skill level 5 in Necromancy
   511 | D:4      | Reached XP level 3. HP: 11/28 MP: 0/6
   516 | D:4      | Learned a level 3 spell: Vampiric Draining
  1043 | D:3      | Reached XP level 4. HP: 25/36 MP: 4/8
  1437 | D:4      | Reached XP level 5. HP: 37/42 MP: 4/10
  1543 | D:4      | Reached skill level 6 in Necromancy
  1979 | D:4      | Found a shadowy altar of Dithmenos.
  2118 | D:5      | Entered Level 5 of the Dungeon
  2171 | D:5      | Noticed a phantom
  2227 | D:5      | Found a staircase to the Ecumenical Temple.
  2266 | D:5      | Noticed a sky beast
  2312 | Temple   | Entered the Ecumenical Temple
  2329 | Temple   | Quit the game

Skill      XL: |  1  2  3  4  5 |
---------------+----------------+-----
Spellcasting   | 2 3 |  3.3
Necromancy     | 5 6 |  6.8
Dodging        | |  2.1
Stealth        | |  2.4

Action                   |  1- 3 |  4- 6 || total
-------------------------+-------+-------++-------
Melee: Dagger            |    24 |     4 ||    28
       Whip              |       |    54 ||    54
 Cast: Pain              |    19 |    17 ||    36
       Vampiric Draining |     6 |     9 ||    15
  Use: Scroll            |     1 |     2 ||     3
  Eat: Chunk             |       |     5 ||     5
Armor: Robe              |     4 |       ||     4
       Leather armour    |     4 |    26 ||    30
Dodge: Dodged            |    42 |    56 ||    98
